WCHLSIM.com - West Coast Hockey League
html PUBLIC "-//W3C//DTD XHTML 1.0 Transitional//EN" "http://www.w3.org/TR/xhtml1/DTD/xhtml1-transitional.dtd"> WCHL - Game 362 - SALEM BLACK JAYS vs LONG BEACH BARACUDAS

SALEM BLACK JAYS vs LONG BEACH BARACUDAS

Created - 2 décembre 2022 at 07:47

Goals
1 2 3 T
SALEM BLACK JAYS 2 0 0 2
LONG BEACH BARACUDAS 0 0 0 0
Shots
1 2 3 T
SALEM BLACK JAYS 7 9 1 17
LONG BEACH BARACUDAS 10 11 7 28

1st period

1. SALEM BLACK JAYS , Theodor Blueger 5 (Brian Boyle 6, Troy Terry 7) at 1:06
2. SALEM BLACK JAYS , Dylan Larkin 10 (Martin Necas 15) at 14:38

Penalties :
Dylan Cozens (SAL) for Charging (Minor) at 11:42

2nd period

No Goal

Penalties :
P.K. Subban (LOB) for Slashing (Minor) at 5:06

3rd period

No Goal

Penalties :
Scott Mayfield (SAL) for Interference (Minor) at 1:45, Daniel Sprong (SAL) for Tripping (Minor) at 15:31

Goalie Stats

Juuse Saros (SAL), 28 saves from 28 shots - (1,000), W, 13-9-2, 60:00 minutes
Jake Oettinger (LOB), 15 saves from 17 shots - (0,882), L, 13-6-1, 60:00 minutes

Players Stats for SALEM BLACK JAYS

Player Name              G  A  P  +/- PIM S  H  SB GA TA FO     MP     PP MP  PK MP  
------------------------------------------------------------------------------------
Brian Boyle              0  1  1   1  0   1  2  0  0  0  3/8    15:19   0:00   3:38 
Cody Ceci                0  0  0   0  0   0  2  2  0  0  0/0    21:54   0:44   3:01 
Daniel Sprong            0  0  0   0  2   0  1  0  0  0  0/0     5:26   0:00   0:00 
Dylan Cozens             0  0  0   0  2   0  1  0  0  0  3/11    5:26   0:00   0:00 
Dylan Larkin             1  0  1   1  0   3  0  0  0  0  12/18  17:34   1:15   0:00 
Evgeny Dadonov           0  0  0   1  0   2  0  0  0  0  2/2    19:22   0:44   2:19 
Filip Chytil             0  0  0   0  0   0  0  0  0  0  0/0     5:27   0:00   0:00 
Joshua Morrissey         0  0  0   1  0   0  1  1  0  0  0/0    24:01   1:15   2:56 
Martin Necas             0  1  1   1  0   1  0  0  0  0  1/1    19:57   0:00   3:38 
Mathew Barzal            0  0  0   0  0   2  0  0  0  0  4/18   19:21   0:44   0:00 
Michael Del Zotto        0  0  0   1  0   0  0  4  0  0  0/0    18:12   0:44   1:16 
Mikko Rantanen           0  0  0   0  0   2  0  0  0  0  1/1    19:52   1:15   0:00 
Mitchell Marner          0  0  0   0  0   1  2  0  0  0  0/1    19:52   1:15   0:00 
Nick Jensen              0  0  0   1  0   0  1  1  0  0  0/0    20:44   0:00   3:01 
Scott Mayfield           0  0  0   0  2   0  2  0  0  0  0/0    18:56   1:15   1:40 
Theodor Blueger          1  0  1   1  0   3  0  0  0  0  9/12   14:00   0:00   2:19 
Troy Terry               0  1  1   1  0   2  0  0  0  0  0/0    12:25   0:44   0:00 
Urho Vaakanainen         0  0  0   1  0   0  0  1  0  0  0/0    16:12   0:00   0:00 

Players Stats for LONG BEACH BARACUDAS

Player Name              G  A  P  +/- PIM S  H  SB GA TA FO     MP     PP MP  PK MP  
------------------------------------------------------------------------------------
Alex Pietrangelo         0  0  0   0  0   2  0  1  0  0  0/0    21:31   2:58   1:13 
Arthur Kaliyev           0  0  0   0  0   0  1  0  0  0  1/1    16:13   0:00   0:00 
Boris Katchouk           0  0  0  -1  0   0  4  0  0  0  0/0     7:32   0:00   0:00 
Brock McGinn             0  0  0  -1  0   4  2  0  0  0  0/0    10:48   0:00   0:00 
Brock Nelson             0  0  0   0  0   6  0  1  0  0  15/25  20:15   2:44   0:00 
Derrick Pouliot          0  0  0  -1  0   0  0  0  0  0  0/0    17:38   2:24   1:01 
Jaden Schwartz           0  0  0   0  0   2  2  0  0  0  0/0    18:34   2:21   0:00 
James Neal               0  0  0  -1  0   0  1  0  0  0  0/1    10:48   0:00   0:00 
Jared Spurgeon           0  0  0  -1  0   1  1  3  0  0  0/0    21:38   0:00   0:56 
Mitch Reinke             0  0  0  -1  0   0  0  0  0  0  0/0    21:33   3:33   0:30 
Nicklas Backstrom        0  0  0  -1  0   2  0  1  0  0  7/11   15:36   3:36   1:12 
Nolan Patrick            0  0  0  -1  0   0  0  0  0  0  4/9     8:19   0:00   0:47 
P.K. Subban              0  0  0  -1  2   2  0  0  0  0  0/0    17:00   2:59   0:00 
Robert Fabbri            0  0  0  -1  0   4  0  0  0  0  0/3     9:22   0:38   1:12 
Ryan Murray              0  0  0   0  0   1  0  0  0  0  0/0    20:39   0:00   0:18 
Seth Jarvis              0  0  0   0  0   0  0  0  0  0  0/1    20:15   2:44   0:00 
Taylor Hall              0  0  0   0  0   3  3  0  0  0  1/1    20:44   3:13   0:00 
William Karlsson         0  0  0   0  0   1  0  0  0  0  9/20   19:35   2:35   0:47 

3 Stars

1 - Juuse Saros (SAL)
2 - Theodor Blueger (SAL)
3 - Dylan Larkin (SAL)

Power Play

SALEM BLACK JAYS - 0 on 1 Attempt(s) - 0,00%
LONG BEACH BARACUDAS - 0 on 3 Attempt(s) - 0,00%

Penalty Kill

SALEM BLACK JAYS - 3 on 3 Attempt(s) - 100,00% - Score 0 goal in Penalty Kill
LONG BEACH BARACUDAS - 1 on 1 Attempt(s) - 100,00% - Score 0 goal in Penalty Kill

Team Stat

SALEM BLACK JAYS - Hits : 12 - Faceoff Wins : 35 - Blocked Shots : 9 - Penalty Minutes : 6
LONG BEACH BARACUDAS - Hits : 14 - Faceoff Wins : 37 - Blocked Shots : 6 - Penalty Minutes : 2

Official

Referees : Chris Lee and Kenny Anderson
Linesman : Michel Cormier and Ken Bonham

Game Notes

No Game Note

Finance

Level 1 -- Attendance: 5565 (78,38%) -- Ticket Income 1 085 175 $
Level 2 -- Attendance: 5878 (99,21%) -- Ticket Income 681 848 $
Level 3 -- Attendance: 2739 (67,63%) -- Ticket Income 232 815 $
Level 4 -- Attendance: 5623 (85,52%) -- Ticket Income 309 265 $
Luxury Box -- Attendance: 909 (67,33%) -- Ticket Income 295 425 $
Game was played at the MONSTER ENERGY CENTER.
Total Attendance: 20714 (82,86%)
Total Ticket Income: 2 604 528 $
Other Expense: 26 045 $
Total Income: 2 578 483 $

SALEM BLACK JAYS

5 vs 5 Forward 
   Center                   Left Wing                Right Wing               Time % Phy DF OF 
 1 Mathew Barzal            Mikko Rantanen           Mitchell Marner          33     1   1  3  
 2 Dylan Larkin             Evgeny Dadonov           Martin Necas             32     1   1  3  
 3 Theodor Blueger          Brian Boyle              Troy Terry               25     1   2  2  
 4 Dylan Cozens             Daniel Sprong            Filip Chytil             10     1   2  2  

5 vs 5 Defense 
   Defense                  Defense                                           Time % Phy DF OF 
 1 Joshua Morrissey         Nick Jensen                                       36     1   2  2  
 2 Scott Mayfield           Cody Ceci                                         31     1   2  2  
 3 Urho Vaakanainen         Michael Del Zotto                                 23     1   3  1  
 4 Cody Ceci                Joshua Morrissey                                  10     1   1  3  

PowerPlay Forward 
   Center                   Left Wing                Right Wing               Time % Phy DF OF 
 1 Dylan Larkin             Mikko Rantanen           Mitchell Marner          55     1   0  4  
 2 Mathew Barzal            Evgeny Dadonov           Troy Terry               45     1   0  4  

PowerPlay Defense
   Defense                  Defense                                           Time % Phy DF OF 
 1 Joshua Morrissey         Scott Mayfield                                    55     1   1  3  
 2 Michael Del Zotto        Cody Ceci                                         45     1   1  3  

Penalty Kill 4 Players Forward 
   Center                   Wing                     Time % Phy DF OF 
 1 Brian Boyle              Martin Necas             55     1   4  0  
 2 Theodor Blueger          Evgeny Dadonov           45     1   4  0  

Penalty Kill 4 Players Defense
   Defense                  Defense                  Time % Phy DF OF 
 1 Cody Ceci                Nick Jensen              55     1   4  0  
 2 Scott Mayfield           Joshua Morrissey         45     1   4  0  

Penalty Kill - 3 Players Forward 
   Forward                                           Time % Phy DF OF 
 1 Martin Necas                                      55     1   4  0  
 2 Theodor Blueger                                   45     1   4  0  

Penalty Kill - 3 Players Defense
   Defense                  Defense                  Time % Phy DF OF 
 1 Cody Ceci                Nick Jensen              55     1   4  0  
 2 Scott Mayfield           Joshua Morrissey         45     1   4  0  

4 vs 4 Forward 
   Center                   Wing                     Time % Phy DF OF 
 1 Dylan Larkin             Mikko Rantanen           55     1   2  2  
 2 Mathew Barzal            Mitchell Marner          45     1   2  2  

4 vs 4 Defense
   Defense                  Defense                  Time % Phy DF OF 
 1 Joshua Morrissey         Cody Ceci                55     1   2  2  
 2 Nick Jensen              Scott Mayfield           45     1   2  2  

Last Minutes Offensive
   Center                   Left Wing                Right Wing               Defense                  Defense                  
   Dylan Larkin             Mikko Rantanen           Mitchell Marner          Joshua Morrissey         Michael Del Zotto        

Last Minutes Defensive
   Center                   Left Wing                Right Wing               Defense                  Defense                  
   Dylan Larkin             Mikko Rantanen           Mitchell Marner          Joshua Morrissey         Michael Del Zotto        

Goaltenders
Starting : Juuse Saros              
Backup : Anthony Stolarz          

Extra Forwards
Normal : Martin Necas, Brian Boyle, Dylan Cozens - PP : Martin Necas, Theodor Blueger - PK : Mitchell Marner
Extra Defensemen
Normal : Cody Ceci, Nick Jensen, Joshua Morrissey - PP : Nick Jensen - PK : Joshua Morrissey, Michael Del Zotto
Penalty Shots
Mikko Rantanen, Mitchell Marner, Dylan Larkin, Troy Terry, Mathew Barzal
Custom OT Lines Forwards
Dylan Larkin, Mitchell Marner, Mikko Rantanen, Troy Terry, Mathew Barzal, Martin Necas, Evgeny Dadonov, Dylan Cozens, Theodor Blueger, Brian Boyle
Custom OT Lines Defensemen
Joshua Morrissey, Michael Del Zotto, Nick Jensen, Cody Ceci, Scott Mayfield

Scratches
None

LONG BEACH BARACUDAS

5 vs 5 Forward 
   Center                   Left Wing                Right Wing               Time % Phy DF OF 
 1 Brock Nelson             Taylor Hall              Seth Jarvis              38     0   2  3  
 2 William Karlsson         Jaden Schwartz           Arthur Kaliyev           31     0   2  3  
 3 Nicklas Backstrom        James Neal               Brock McGinn             21     0   3  2  
 4 Nolan Patrick            Boris Katchouk           Robert Fabbri            10     0   4  1  

5 vs 5 Defense 
   Defense                  Defense                                           Time % Phy DF OF 
 1 Alex Pietrangelo         Ryan Murray                                       36     0   3  2  
 2 Jared Spurgeon           Mitch Reinke                                      31     0   3  2  
 3 Derrick Pouliot          P.K. Subban                                       23     0   4  1  
 4 Ryan Murray              Jared Spurgeon                                    10     0   4  1  

PowerPlay Forward 
   Center                   Left Wing                Right Wing               Time % Phy DF OF 
 1 William Karlsson         Taylor Hall              Nicklas Backstrom        55     0   0  5  
 2 Brock Nelson             Jaden Schwartz           Seth Jarvis              45     0   0  5  

PowerPlay Defense
   Defense                  Defense                                           Time % Phy DF OF 
 1 Alex Pietrangelo         Derrick Pouliot                                   55     0   0  5  
 2 P.K. Subban              Mitch Reinke                                      45     0   0  5  

Penalty Kill 4 Players Forward 
   Center                   Wing                     Time % Phy DF OF 
 1 Robert Fabbri            Nicklas Backstrom        55     0   5  0  
 2 Nolan Patrick            William Karlsson         45     0   5  0  

Penalty Kill 4 Players Defense
   Defense                  Defense                  Time % Phy DF OF 
 1 P.K. Subban              Jared Spurgeon           55     0   5  0  
 2 Derrick Pouliot          Ryan Murray              45     0   5  0  

Penalty Kill - 3 Players Forward 
   Forward                                           Time % Phy DF OF 
 1 Nicklas Backstrom                                 55     0   5  0  
 2 Brock Nelson                                      45     0   5  0  

Penalty Kill - 3 Players Defense
   Defense                  Defense                  Time % Phy DF OF 
 1 Mitch Reinke             Jared Spurgeon           55     0   5  0  
 2 P.K. Subban              Ryan Murray              45     0   5  0  

4 vs 4 Forward 
   Center                   Wing                     Time % Phy DF OF 
 1 Nolan Patrick            Boris Katchouk           55     0   2  3  
 2 Nicklas Backstrom        Robert Fabbri            45     0   2  3  

4 vs 4 Defense
   Defense                  Defense                  Time % Phy DF OF 
 1 Alex Pietrangelo         Jared Spurgeon           55     0   2  3  
 2 Jared Spurgeon           Ryan Murray              45     0   2  3  

Last Minutes Offensive
   Center                   Left Wing                Right Wing               Defense                  Defense                  
   William Karlsson         Taylor Hall              Arthur Kaliyev           Alex Pietrangelo         Jared Spurgeon           

Last Minutes Defensive
   Center                   Left Wing                Right Wing               Defense                  Defense                  
   William Karlsson         Jaden Schwartz           Arthur Kaliyev           Alex Pietrangelo         Jared Spurgeon           

Goaltenders
Starting : Jake Oettinger           
Backup : Martin Jones             

Extra Forwards
Normal : Nicklas Backstrom, Robert Fabbri, William Karlsson - PP : Nicklas Backstrom, Robert Fabbri - PK : Nicklas Backstrom
Extra Defensemen
Normal : Derrick Pouliot, Mitch Reinke, P.K. Subban - PP : Derrick Pouliot - PK : Mitch Reinke, P.K. Subban
Penalty Shots
William Karlsson, Brock Nelson, Taylor Hall, Seth Jarvis, Nicklas Backstrom
Custom OT Lines Forwards
William Karlsson, Brock Nelson, Taylor Hall, Seth Jarvis, Nicklas Backstrom, Jaden Schwartz, Nolan Patrick, Arthur Kaliyev, Robert Fabbri, Brock McGinn
Custom OT Lines Defensemen
Alex Pietrangelo, Jared Spurgeon, P.K. Subban, Ryan Murray, Derrick Pouliot

Scratches
Derek Stepan (Facial Surgery Injury), Alexandre Texier (Torn Left ACL Injury), Craig Smith (Abdomen/Ribs Injury)

% Time on Ice - SALEM BLACK JAYS

Lines # - Real PCT - Wanted PCT - Time Play
Normal Forward
1 - 36% - 33% - 18:37
2 - 31% - 32% - 16:19
3 - 22% - 25% - 11:41
4 - 10% - 10% - 5:27
Normal Defense
1 - 34% - 36% - 17:43
2 - 30% - 31% - 15:39
3 - 31% - 23% - 16:12
4 - 5% - 10% - 2:30
PP Forward
1 - 63% - 55% - 1:15
2 - 37% - 45% - 0:44
PP Defense
1 - 63% - 55% - 1:15
2 - 37% - 45% - 0:44
PK Forward
1 - 61% - 55% - 3:38
2 - 39% - 45% - 2:19
PK Defense
1 - 51% - 55% - 3:01
2 - 49% - 45% - 2:56
PK3 Forward
1 - 0% - 55%
2 - 0% - 45%
PK3 Defense
1 - 0% - 55%
2 - 0% - 45%
44 Forward
1 - 0% - 55%
2 - 0% - 45%
44 Defense
1 - 0% - 55%
2 - 0% - 45%
Last Minute Offensive  - 0:00
Last Minute Defensive  - 0:00
Total
Forward - 60:00
Defense - 60:00

% Time on Ice - LONG BEACH BARACUDAS

Lines # - Real PCT - Wanted PCT - Time Play
Normal Forward
1 - 34% - 38% - 17:31
2 - 31% - 31% - 16:13
3 - 21% - 21% - 10:48
4 - 14% - 10% - 7:32
Normal Defense
1 - 33% - 36% - 17:20
2 - 33% - 31% - 17:00
3 - 27% - 23% - 14:02
4 - 7% - 10% - 3:42
PP Forward
1 - 54% - 55% - 3:13
2 - 46% - 45% - 2:44
PP Defense
1 - 40% - 55% - 2:24
2 - 60% - 45% - 3:33
PK Forward
1 - 61% - 55% - 1:12
2 - 39% - 45% - 0:47
PK Defense
1 - 85% - 55% - 1:41
2 - 15% - 45% - 0:18
PK3 Forward
1 - 0% - 55%
2 - 0% - 45%
PK3 Defense
1 - 0% - 55%
2 - 0% - 45%
44 Forward
1 - 0% - 55%
2 - 0% - 45%
44 Defense
1 - 0% - 55%
2 - 0% - 45%
Last Minute Offensive  - 0:00
Last Minute Defensive  - 0:00
Total
Forward - 60:00
Defense - 60:00

Play-by-Play

1st period


0:01 of 1st period - Brock Nelson wins face-off versus Mathew Barzal in neutral zone.
0:34 of 1st period - Shot by Mathew Barzal.
0:34 of 1st period - Stopped by Jake Oettinger without a rebound.
0:35 of 1st period - Evgeny Dadonov wins face-off versus William Karlsson in LONG BEACH BARACUDAS zone.
0:38 of 1st period - Shot by Evgeny Dadonov.
0:38 of 1st period - Stopped by Jake Oettinger without a rebound.
0:39 of 1st period - Theodor Blueger wins face-off versus Nicklas Backstrom in LONG BEACH BARACUDAS zone.
1:06 of 1st period - Shot by Theodor Blueger.
1:06 of 1st period - Goal by Theodor Blueger - SALEM BLACK JAYS : 1 - LONG BEACH BARACUDAS : 0.
1:07 of 1st period - William Karlsson wins face-off versus Dylan Larkin in neutral zone.
1:24 of 1st period - Shot by Jaden Schwartz.
1:24 of 1st period - Stopped by Juuse Saros without a rebound.
1:25 of 1st period - Nolan Patrick wins face-off versus Dylan Cozens in SALEM BLACK JAYS zone.
1:28 of 1st period - Shot by Robert Fabbri.
1:28 of 1st period - Stopped by Juuse Saros without a rebound.
1:29 of 1st period - Dylan Larkin wins face-off versus William Karlsson in SALEM BLACK JAYS zone.
1:50 of 1st period - Joshua Morrissey is hit by Arthur Kaliyev.
1:57 of 1st period - Icing by Joshua Morrissey.
1:58 of 1st period - Brock Nelson wins face-off versus Dylan Larkin in SALEM BLACK JAYS zone.
1:58 of 1st period - Brock Nelson is hit by Joshua Morrissey.
2:02 of 1st period - Shot by Brock Nelson.
2:02 of 1st period - Shot Misses the Net.
2:24 of 1st period - Shot by Brock Nelson.
2:24 of 1st period - Shot Misses the Net.
2:26 of 1st period - Shot by Taylor Hall.
2:26 of 1st period - Stopped by Juuse Saros with a rebound.
2:28 of 1st period - Shot by P.K. Subban.
2:28 of 1st period - Stopped by Juuse Saros with a rebound.
2:50 of 1st period - Shot by Robert Fabbri.
2:50 of 1st period - Shot Misses the Net.
3:29 of 1st period - Icing by Jared Spurgeon.
3:30 of 1st period - Nolan Patrick wins face-off versus Mathew Barzal in LONG BEACH BARACUDAS zone.
4:43 of 1st period - Off-side.
4:44 of 1st period - Nicklas Backstrom wins face-off versus Dylan Cozens in neutral zone.
4:44 of 1st period - Nicklas Backstrom is hit by Daniel Sprong.
4:49 of 1st period - Off-side.
4:50 of 1st period - Brock Nelson wins face-off versus Dylan Cozens in neutral zone.
5:18 of 1st period - Seth Jarvis is hit by Cody Ceci and loses puck.
5:49 of 1st period - Shot by Theodor Blueger.
5:49 of 1st period - Stopped by Jake Oettinger without a rebound.
5:50 of 1st period - Nicklas Backstrom wins face-off versus Mathew Barzal in LONG BEACH BARACUDAS zone.
5:50 of 1st period - Nicklas Backstrom is hit by Mitchell Marner.
5:53 of 1st period - Icing by Brock McGinn.
5:54 of 1st period - Nicklas Backstrom wins face-off versus Mathew Barzal in LONG BEACH BARACUDAS zone.
6:11 of 1st period - Shot by Brock McGinn.
6:11 of 1st period - Shot Misses the Net.
7:02 of 1st period - Icing by Joshua Morrissey.
7:03 of 1st period - Arthur Kaliyev wins face-off versus Mathew Barzal in SALEM BLACK JAYS zone.
7:30 of 1st period - Shot by William Karlsson.
7:30 of 1st period - Deflect By Jaden Schwartz.
7:30 of 1st period - Shot Blocked by Cody Ceci.
7:42 of 1st period - Shot by Brian Boyle.
7:42 of 1st period - Stopped by Jake Oettinger without a rebound.
7:43 of 1st period - Brock Nelson wins face-off versus Dylan Larkin in LONG BEACH BARACUDAS zone.
7:48 of 1st period - Shot by Taylor Hall.
7:48 of 1st period - Deflect By Brock Nelson.
7:48 of 1st period - Shot Blocked by Michael Del Zotto.
7:50 of 1st period - Shot by Taylor Hall.
7:50 of 1st period - Shot Misses the Net.
7:56 of 1st period - Shot by Brock Nelson.
7:56 of 1st period - Stopped by Juuse Saros without a rebound.
7:57 of 1st period - Dylan Cozens wins face-off versus Nolan Patrick in SALEM BLACK JAYS zone.
7:57 of 1st period - Dylan Cozens is hit by Boris Katchouk.
8:13 of 1st period - Icing by Scott Mayfield.
8:14 of 1st period - Dylan Cozens wins face-off versus Brock Nelson in SALEM BLACK JAYS zone.
8:24 of 1st period - Icing by Cody Ceci.
8:25 of 1st period - William Karlsson wins face-off versus Dylan Cozens in SALEM BLACK JAYS zone.
8:33 of 1st period - Icing by Scott Mayfield.
8:34 of 1st period - Brock Nelson wins face-off versus Dylan Cozens in SALEM BLACK JAYS zone.
9:07 of 1st period - Cody Ceci is hit by Taylor Hall and loses puck.
10:57 of 1st period - Shot by Dylan Larkin.
10:57 of 1st period - Shot Misses the Net.
11:04 of 1st period - Icing by Alex Pietrangelo.
11:05 of 1st period - William Karlsson wins face-off versus Mathew Barzal in LONG BEACH BARACUDAS zone.
11:28 of 1st period - Shot by Mitchell Marner.
11:28 of 1st period - Shot Misses the Net.
11:36 of 1st period - Shot by Mikko Rantanen.
11:36 of 1st period - Deflect By Mitchell Marner.
11:36 of 1st period - Shot Misses the Net.
11:38 of 1st period - Shot by Mikko Rantanen.
11:38 of 1st period - Stopped by Jake Oettinger without a rebound.
11:39 of 1st period - Brock Nelson wins face-off versus Dylan Cozens in LONG BEACH BARACUDAS zone.
11:39 of 1st period - Brock Nelson is hit by Dylan Cozens.
11:42 of 1st period - Minor Penalty to Dylan Cozens for Charging.
11:43 of 1st period - Taylor Hall wins face-off versus Brian Boyle in SALEM BLACK JAYS zone.
11:50 of 1st period - Shot by Robert Fabbri.
11:50 of 1st period - Shot Misses the Net.
11:52 of 1st period - Shot by Taylor Hall.
11:52 of 1st period - Deflect By Robert Fabbri.
11:52 of 1st period - Shot Misses the Net.
11:54 of 1st period - Shot by P.K. Subban.
11:54 of 1st period - Stopped by Juuse Saros without a rebound.
11:55 of 1st period - Brian Boyle wins face-off versus Brock Nelson in SALEM BLACK JAYS zone.
12:17 of 1st period - Shot by Brock Nelson.
12:17 of 1st period - Stopped by Juuse Saros without a rebound.
12:18 of 1st period - Theodor Blueger wins face-off versus Robert Fabbri in SALEM BLACK JAYS zone.
12:43 of 1st period - Shot by Robert Fabbri.
12:43 of 1st period - Stopped by Juuse Saros without a rebound.
12:44 of 1st period - Brock Nelson wins face-off versus Brian Boyle in SALEM BLACK JAYS zone.
13:35 of 1st period - Icing by P.K. Subban.
13:36 of 1st period - Theodor Blueger wins face-off versus William Karlsson in LONG BEACH BARACUDAS zone.
13:37 of 1st period - Shot by Evgeny Dadonov.
13:37 of 1st period - Shot Blocked by Nicklas Backstrom.
13:46 of 1st period - Mathew Barzal is hit by Boris Katchouk.
13:54 of 1st period - Shot by Mikko Rantanen.
13:54 of 1st period - Shot Misses the Net.
14:38 of 1st period - Shot by Dylan Larkin.
14:38 of 1st period - Goal by Dylan Larkin - SALEM BLACK JAYS : 2 - LONG BEACH BARACUDAS : 0.
14:39 of 1st period - Dylan Larkin wins face-off versus Brock Nelson in neutral zone.
14:51 of 1st period - Shot by Brock Nelson.
14:51 of 1st period - Stopped by Juuse Saros without a rebound.
14:52 of 1st period - Nicklas Backstrom wins face-off versus Theodor Blueger in SALEM BLACK JAYS zone.
15:05 of 1st period - Shot by Brock McGinn.
15:05 of 1st period - Shot Blocked by Cody Ceci.
15:12 of 1st period - James Neal is hit by Scott Mayfield and loses puck.
15:20 of 1st period - Brock McGinn is hit by Scott Mayfield and loses puck.
15:23 of 1st period - Shot by Ryan Murray.
15:23 of 1st period - Stopped by Juuse Saros without a rebound.
15:24 of 1st period - Dylan Larkin wins face-off versus Brock Nelson in SALEM BLACK JAYS zone.
15:56 of 1st period - Off-side.
15:57 of 1st period - William Karlsson wins face-off versus Mitchell Marner in neutral zone.
18:10 of 1st period - Shot by Brock McGinn.
18:10 of 1st period - Shot Misses the Net.
18:42 of 1st period - Shot by Robert Fabbri.
18:42 of 1st period - Shot Blocked by Urho Vaakanainen.
19:09 of 1st period - Off-side.
19:10 of 1st period - Brock Nelson wins face-off versus Mathew Barzal in neutral zone.
19:15 of 1st period - Shot by Seth Jarvis.
19:15 of 1st period - Shot Misses the Net.
Goals for this period are 2 for SALEM BLACK JAYS vs 0 for LONG BEACH BARACUDAS.
Shots for this period are 7 for SALEM BLACK JAYS vs 10 for LONG BEACH BARACUDAS.

2nd period


0:01 of 2nd period - Dylan Larkin wins face-off versus Brock Nelson in neutral zone.
0:34 of 2nd period - Icing by Nick Jensen.
0:35 of 2nd period - Nicklas Backstrom wins face-off versus Dylan Larkin in SALEM BLACK JAYS zone.
1:00 of 2nd period - Martin Necas is hit by Jared Spurgeon and loses puck.
1:19 of 2nd period - Shot by Mathew Barzal.
1:19 of 2nd period - Stopped by Jake Oettinger with a rebound.
1:21 of 2nd period - Shot by Mitchell Marner.
1:21 of 2nd period - Stopped by Jake Oettinger without a rebound.
1:22 of 2nd period - Theodor Blueger wins face-off versus Brock Nelson in LONG BEACH BARACUDAS zone.
1:51 of 2nd period - Shot by Theodor Blueger.
1:51 of 2nd period - Shot Blocked by Brock Nelson.
1:53 of 2nd period - Shot by Brian Boyle.
1:53 of 2nd period - Deflect By Troy Terry.
1:53 of 2nd period - Stopped by Jake Oettinger without a rebound.
1:54 of 2nd period - William Karlsson wins face-off versus Mathew Barzal in LONG BEACH BARACUDAS zone.
2:11 of 2nd period - Shot by Mitchell Marner.
2:11 of 2nd period - Shot Misses the Net.
2:13 of 2nd period - Shot by Mikko Rantanen.
2:13 of 2nd period - Shot Misses the Net.
2:15 of 2nd period - Shot by Mikko Rantanen.
2:15 of 2nd period - Stopped by Jake Oettinger without a rebound.
2:16 of 2nd period - Nolan Patrick wins face-off versus Dylan Larkin in LONG BEACH BARACUDAS zone.
2:33 of 2nd period - Shot by Robert Fabbri.
2:33 of 2nd period - Shot Blocked by Nick Jensen.
2:45 of 2nd period - Martin Necas is hit by Boris Katchouk and loses puck.
2:54 of 2nd period - Shot by Martin Necas.
2:54 of 2nd period - Stopped by Jake Oettinger without a rebound.
2:55 of 2nd period - Brock Nelson wins face-off versus Mathew Barzal in LONG BEACH BARACUDAS zone.
4:15 of 2nd period - Jaden Schwartz is hit by Brian Boyle.
5:06 of 2nd period - Minor Penalty to P.K. Subban for Slashing.
5:07 of 2nd period - Dylan Larkin wins face-off versus Robert Fabbri in LONG BEACH BARACUDAS zone.
5:12 of 2nd period - Shot by Dylan Larkin.
5:12 of 2nd period - Shot Blocked by Jared Spurgeon.
5:18 of 2nd period - Shot by Mikko Rantanen.
5:18 of 2nd period - Shot Blocked by Alex Pietrangelo.
6:32 of 2nd period - Shot by Troy Terry.
6:32 of 2nd period - Stopped by Jake Oettinger without a rebound.
6:33 of 2nd period - Dylan Larkin wins face-off versus Nolan Patrick in LONG BEACH BARACUDAS zone.
6:38 of 2nd period - Shot by Dylan Larkin.
6:38 of 2nd period - Stopped by Jake Oettinger with a rebound.
7:35 of 2nd period - Shot by Brock Nelson.
7:35 of 2nd period - Stopped by Juuse Saros without a rebound.
7:36 of 2nd period - Theodor Blueger wins face-off versus William Karlsson in SALEM BLACK JAYS zone.
7:51 of 2nd period - Theodor Blueger is hit by Jaden Schwartz and loses puck.
9:03 of 2nd period - Brock Nelson is hit by Nick Jensen and loses puck.
9:07 of 2nd period - Icing by Nick Jensen.
9:08 of 2nd period - Nicklas Backstrom wins face-off versus Mathew Barzal in SALEM BLACK JAYS zone.
9:09 of 2nd period - Shot by Brock McGinn.
9:09 of 2nd period - Deflect By Nicklas Backstrom.
9:09 of 2nd period - Shot Misses the Net.
9:11 of 2nd period - Shot by Alex Pietrangelo.
9:11 of 2nd period - Stopped by Juuse Saros with a rebound.
9:13 of 2nd period - Shot by Brock McGinn.
9:13 of 2nd period - Shot Misses the Net.
9:15 of 2nd period - Shot by Brock McGinn.
9:15 of 2nd period - Shot Misses the Net.
9:35 of 2nd period - Shot by Brock McGinn.
9:35 of 2nd period - Stopped by Juuse Saros without a rebound.
9:36 of 2nd period - Evgeny Dadonov wins face-off versus Nolan Patrick in SALEM BLACK JAYS zone.
9:38 of 2nd period - Icing by Dylan Larkin.
9:39 of 2nd period - Brock Nelson wins face-off versus Dylan Larkin in SALEM BLACK JAYS zone.
10:54 of 2nd period - Shot by Nicklas Backstrom.
10:54 of 2nd period - Stopped by Juuse Saros without a rebound.
10:55 of 2nd period - William Karlsson wins face-off versus Mathew Barzal in SALEM BLACK JAYS zone.
10:56 of 2nd period - Shot by Jaden Schwartz.
10:56 of 2nd period - Deflect By William Karlsson.
10:56 of 2nd period - Stopped by Juuse Saros with a rebound.
11:53 of 2nd period - Shot by Theodor Blueger.
11:53 of 2nd period - Stopped by Jake Oettinger without a rebound.
11:54 of 2nd period - Dylan Larkin wins face-off versus Brock Nelson in LONG BEACH BARACUDAS zone.
12:11 of 2nd period - Shot by Brock Nelson.
12:11 of 2nd period - Stopped by Juuse Saros without a rebound.
12:12 of 2nd period - Theodor Blueger wins face-off versus James Neal in SALEM BLACK JAYS zone.
12:12 of 2nd period - Theodor Blueger is hit by James Neal.
12:55 of 2nd period - Icing by P.K. Subban.
12:56 of 2nd period - Dylan Larkin wins face-off versus Nicklas Backstrom in LONG BEACH BARACUDAS zone.
14:48 of 2nd period - Shot by Jaden Schwartz.
14:48 of 2nd period - Stopped by Juuse Saros without a rebound.
14:49 of 2nd period - Nolan Patrick wins face-off versus Theodor Blueger in SALEM BLACK JAYS zone.
14:52 of 2nd period - Shot by Robert Fabbri.
14:52 of 2nd period - Stopped by Juuse Saros without a rebound.
14:53 of 2nd period - Theodor Blueger wins face-off versus Nolan Patrick in SALEM BLACK JAYS zone.
16:07 of 2nd period - Shot by Brock Nelson.
16:07 of 2nd period - Shot Misses the Net.
16:09 of 2nd period - Shot by Taylor Hall.
16:09 of 2nd period - Deflect By Brock Nelson.
16:09 of 2nd period - Shot Misses the Net.
16:11 of 2nd period - Shot by Taylor Hall.
16:11 of 2nd period - Shot Misses the Net.
16:13 of 2nd period - Shot by Brock Nelson.
16:13 of 2nd period - Shot Misses the Net.
16:37 of 2nd period - Icing by Joshua Morrissey.
16:38 of 2nd period - Nicklas Backstrom wins face-off versus Mathew Barzal in SALEM BLACK JAYS zone.
16:43 of 2nd period - Shot by Brock McGinn.
16:43 of 2nd period - Stopped by Juuse Saros without a rebound.
16:44 of 2nd period - Dylan Larkin wins face-off versus William Karlsson in SALEM BLACK JAYS zone.
16:49 of 2nd period - Shot by Dylan Larkin.
16:49 of 2nd period - Shot Misses the Net.
17:40 of 2nd period - Shot by Nicklas Backstrom.
17:40 of 2nd period - Stopped by Juuse Saros without a rebound.
17:41 of 2nd period - Mikko Rantanen wins face-off versus Brock Nelson in SALEM BLACK JAYS zone.
17:50 of 2nd period - Shot by Mitchell Marner.
17:50 of 2nd period - Shot Misses the Net.
18:00 of 2nd period - Shot by Mitchell Marner.
18:00 of 2nd period - Shot Misses the Net.
18:26 of 2nd period - Shot by Mitchell Marner.
18:26 of 2nd period - Shot Misses the Net.
18:28 of 2nd period - Shot by Mikko Rantanen.
18:28 of 2nd period - Shot Blocked by Jared Spurgeon.
18:35 of 2nd period - Icing by Jared Spurgeon.
18:36 of 2nd period - Brock Nelson wins face-off versus Dylan Cozens in LONG BEACH BARACUDAS zone.
18:53 of 2nd period - Shot by Brock McGinn.
18:53 of 2nd period - Stopped by Juuse Saros with a rebound.
19:32 of 2nd period - Off-side.
19:33 of 2nd period - Dylan Larkin wins face-off versus William Karlsson in neutral zone.
19:52 of 2nd period - Shot by Evgeny Dadonov.
19:52 of 2nd period - Stopped by Jake Oettinger without a rebound.
19:53 of 2nd period - Theodor Blueger wins face-off versus Nolan Patrick in LONG BEACH BARACUDAS zone.
Goals for this period are 0 for SALEM BLACK JAYS vs 0 for LONG BEACH BARACUDAS.
Shots for this period are 9 for SALEM BLACK JAYS vs 11 for LONG BEACH BARACUDAS.

3rd period


0:01 of 3rd period - Dylan Larkin wins face-off versus Seth Jarvis in neutral zone.
0:08 of 3rd period - Shot by Dylan Larkin.
0:08 of 3rd period - Stopped by Jake Oettinger without a rebound.
0:09 of 3rd period - Dylan Larkin wins face-off versus William Karlsson in LONG BEACH BARACUDAS zone.
0:24 of 3rd period - Icing by Jared Spurgeon.
0:25 of 3rd period - Mathew Barzal wins face-off versus William Karlsson in LONG BEACH BARACUDAS zone.
0:40 of 3rd period - Icing by William Karlsson.
0:41 of 3rd period - Martin Necas wins face-off versus William Karlsson in LONG BEACH BARACUDAS zone.
1:12 of 3rd period - Shot by Arthur Kaliyev.
1:12 of 3rd period - Deflect By Jaden Schwartz.
1:12 of 3rd period - Shot Misses the Net.
1:33 of 3rd period - Icing by Seth Jarvis.
1:34 of 3rd period - Brock Nelson wins face-off versus Mathew Barzal in LONG BEACH BARACUDAS zone.
1:34 of 3rd period - Brock Nelson is hit by Mitchell Marner.
1:45 of 3rd period - Minor Penalty to Scott Mayfield for Interference.
1:46 of 3rd period - William Karlsson wins face-off versus Brian Boyle in SALEM BLACK JAYS zone.
2:20 of 3rd period - William Karlsson is hit by Cody Ceci and loses puck.
2:23 of 3rd period - Shot by Taylor Hall.
2:23 of 3rd period - Stopped by Juuse Saros without a rebound.
2:24 of 3rd period - Brock Nelson wins face-off versus Theodor Blueger in SALEM BLACK JAYS zone.
3:07 of 3rd period - Shot by Brock Nelson.
3:07 of 3rd period - Shot Blocked by Michael Del Zotto.
3:33 of 3rd period - Shot by Taylor Hall.
3:33 of 3rd period - Stopped by Juuse Saros without a rebound.
3:34 of 3rd period - Brian Boyle wins face-off versus William Karlsson in SALEM BLACK JAYS zone.
3:57 of 3rd period - Filip Chytil is hit by Boris Katchouk.
4:10 of 3rd period - Icing by Cody Ceci.
4:11 of 3rd period - Dylan Cozens wins face-off versus Nicklas Backstrom in SALEM BLACK JAYS zone.
6:37 of 3rd period - Shot by Boris Katchouk.
6:37 of 3rd period - Shot Misses the Net.
6:45 of 3rd period - Shot by Robert Fabbri.
6:45 of 3rd period - Shot Misses the Net.
6:47 of 3rd period - Shot by Nolan Patrick.
6:47 of 3rd period - Shot Blocked by Michael Del Zotto.
6:55 of 3rd period - Shot by Robert Fabbri.
6:55 of 3rd period - Stopped by Juuse Saros without a rebound.
6:56 of 3rd period - Theodor Blueger wins face-off versus Nicklas Backstrom in SALEM BLACK JAYS zone.
6:56 of 3rd period - Theodor Blueger is hit by Brock McGinn.
7:33 of 3rd period - Off-side.
7:34 of 3rd period - Brock Nelson wins face-off versus Mathew Barzal in neutral zone.
9:14 of 3rd period - Shot by Dylan Cozens.
9:14 of 3rd period - Shot Misses the Net.
9:54 of 3rd period - Brian Boyle is hit by Brock McGinn.
10:36 of 3rd period - Shot by Jared Spurgeon.
10:36 of 3rd period - Stopped by Juuse Saros without a rebound.
10:37 of 3rd period - Mathew Barzal wins face-off versus Brock Nelson in SALEM BLACK JAYS zone.
11:34 of 3rd period - Michael Del Zotto is hit by Taylor Hall and loses puck.
11:49 of 3rd period - Shot by Dylan Larkin.
11:49 of 3rd period - Shot Misses the Net.
11:51 of 3rd period - Shot by Martin Necas.
11:51 of 3rd period - Shot Blocked by Jared Spurgeon.
12:37 of 3rd period - Shot by Troy Terry.
12:37 of 3rd period - Shot Misses the Net.
13:17 of 3rd period - Shot by Brock McGinn.
13:17 of 3rd period - Shot Blocked by Joshua Morrissey.
13:39 of 3rd period - Shot by Brock McGinn.
13:39 of 3rd period - Stopped by Juuse Saros without a rebound.
13:40 of 3rd period - Mathew Barzal wins face-off versus Robert Fabbri in SALEM BLACK JAYS zone.
15:08 of 3rd period - Shot by Martin Necas.
15:08 of 3rd period - Shot Misses the Net.
15:28 of 3rd period - Icing by P.K. Subban.
15:29 of 3rd period - William Karlsson wins face-off versus Dylan Cozens in LONG BEACH BARACUDAS zone.
15:31 of 3rd period - Minor Penalty to Daniel Sprong for Tripping.
15:32 of 3rd period - William Karlsson wins face-off versus Brian Boyle in SALEM BLACK JAYS zone.
16:05 of 3rd period - Shot by Alex Pietrangelo.
16:05 of 3rd period - Stopped by Juuse Saros without a rebound.
16:06 of 3rd period - Brian Boyle wins face-off versus Brock Nelson in SALEM BLACK JAYS zone.
16:25 of 3rd period - Shot by Brock Nelson.
16:25 of 3rd period - Stopped by Juuse Saros without a rebound.
16:26 of 3rd period - Brock Nelson wins face-off versus Brian Boyle in SALEM BLACK JAYS zone.
16:39 of 3rd period - Alex Pietrangelo is hit by Brian Boyle and loses puck.
16:46 of 3rd period - Nick Jensen is hit by Jaden Schwartz and loses puck.
19:16 of 3rd period - Urho Vaakanainen is hit by Taylor Hall and loses puck.
19:27 of 3rd period - Shot by Taylor Hall.
19:27 of 3rd period - Shot Blocked by Michael Del Zotto.
19:39 of 3rd period - Icing by Mikko Rantanen.
19:40 of 3rd period - Mathew Barzal wins face-off versus William Karlsson in SALEM BLACK JAYS zone.
Goals for this period are 0 for SALEM BLACK JAYS vs 0 for LONG BEACH BARACUDAS.
Shots for this period are 1 for SALEM BLACK JAYS vs 7 for LONG BEACH BARACUDAS.


JOHNNY
GAUDREAU
MATTHEW
BOLDY
OWEN
TIPPETT

EAST COAST

HOCKEY LEAGUE

  • 29.PIT6MAN7
  • 30.ATL6NHW2
  • 31.WOR4PET3
  • 32.3RHI4
  • 33.CHIQUE
  • 34.LIMCHA
  • 35.LONTRV
  • 36.BALCHW